 Dungeon Crawl Stone Soup version 0.28.0-43-g3370ac3207 (webtiles) character file.

Game seed: 14369531546943643647

136 ChuckTheHack the Poker (level 5, 0/41 HPs)
             Began as a Merfolk Gladiator on Mar 7, 2022.
             Slain by Grinder (5 damage)
             ... on level 3 of the Dungeon.
             The game lasted 00:10:09 (3960 turns).

ChuckTheHack the Poker (Merfolk Gladiator)          Turns: 3960, Time: 00:10:10

Health: 0/41       AC:  5    Str: 15    XL:     5   Next: 19%
Magic:  5/5        EV: 13    Int:  9    God:
Gold:   112        SH:  5    Dex: 15    Spells: 4/4 levels left

rFire   . . .      SeeInvis .   a - +0 trident
rCold   . . .      Faith    .   (no shield)
rNeg    . . .      Spirit   .   b - +0 leather armour
rPois   .          Reflect  +   c - +0 helmet
rElec   .          Harm     .   (no cloak)
rCorr   .          Rampage  .   g - +0 pair of gloves
Will    .....                   (no boots)
Stlth   +.........              f - amulet of reflection
HPRegen 0.13/turn               (no ring)
MPRegen 0.09/turn               (no ring)

@: no status effects
A: (nimble swimmer 2), mertail
a: no special abilities


You were on level 3 of the Dungeon.
You visited 1 branch of the dungeon, and saw 3 of its levels.

You collected 112 gold pieces.

Inventory:

Hand Weapons
 a - a +0 trident (weapon)
Missiles
 d - 3 throwing nets
 j - 2 poisoned darts (quivered)
Armour
 b - a +0 leather armour (worn)
 c - a +0 helmet (worn)
 g - a +0 pair of gloves (worn)
Jewellery
 f - an amulet of reflection (around neck)
Wands
 e - a wand of flame (19)
Scrolls
 i - a scroll of fog {unknown}
 k - a scroll of teleportation {unknown}
 l - 2 scrolls of noise {unknown}
 m - a scroll of acquirement {unknown}
 n - a scroll of fear {unknown}
Potions
 h - a potion of curing {unknown}


   Skills:
 + Level 3.3 Fighting
 + Level 5.6 Polearms
 + Level 3.1 Throwing
 + Level 5.0 Dodging
 + Level 0.6 Stealth


You had 4 spell levels left.
You didn't know any spells.
Your spell library contained the following spells:

 Spells                   Type           Power      Damage    Failure   Level
 Magic Dart               Conj           0%         1d3       45%         1
 Call Imp                 Summ           0%         N/A       58%         2
 Searing Ray              Conj           0%         2d4       58%         2
 Mephitic Cloud           Conj/Pois/Air  0%         N/A       83%         3
 Portal Projectile        Hex/Tloc       0%         N/A       83%         3
 Fulminant Prism          Conj/Hex       0%         3d6       99%         4
 Blade Hands              Tmut           0%         N/A       100%        5
 Excruciating Wounds      Necr           0%         N/A       100%        5


Dungeon Overview and Level Annotations

Branches:
Dungeon (3/15)

Altars:

Annotations:
D:3 Grinder


Innate Abilities, Weirdness & Mutations

((You are very nimble when in or above water. (Stealth+, EV+, Speed+++)))
Your lower body shifts to a powerful aquatic tail in water.


Message History

You now have 112 gold pieces (gained 8).
A rat comes into view.
Found a stone staircase leading down.
You hit the rat.
You kill the rat!
You see here a rat corpse.
m - a scroll labelled FEUFEJ JISHROTU You see here a rat corpse.
Found 22 bolts.
n - a scroll labelled FAASIXZ AGAH
Found a robe.
Grinder is nearby!
Grinder shouts!
You hit Grinder.
Grinder is lightly wounded.
Grinder hits you.
You writhe in agony.
Grinder barely misses you. Grinder closely misses you. Grinder gestures at you.
Pain shoots through your body!
There is a stone staircase leading up, spattered with blood here.
You hit Grinder. You punch Grinder.
Grinder is moderately wounded.
Grinder hits you.
You writhe in agony.
You closely miss Grinder.
Grinder is moderately wounded.
Grinder gestures at you. You resist with significant effort.
You hit Grinder.
Grinder is moderately wounded.
Grinder closely misses you.
You hit Grinder.
Grinder is moderately wounded.
You block Grinder's attack.
You hit Grinder.
Grinder is heavily wounded.
Grinder hits you!
* * * LOW HITPOINT WARNING * * *
You writhe in agony.
You die...

####...................#
##..................# .
#..............<...##..
##.....................
###...................
######.....#.............
#............####........
#.................#####..
#............@.#.### #
#...........#.5....#
#.............#.##.....
######)#.....##..###### ## #
####.##.....##.# ...#
#.##.##...#.##.## ####.#
#....##.....##..#### #.....
#.##...#.#..###....####.....
#..##..#.#....####.(........


You could see Grinder.

Vanquished Creatures
  Jessica (D:2)
  4 gnolls (D:2)
  2 adders
  2 ball pythons (D:1)
  An endoplasm (D:1)
  A giant cockroach (D:1)
  9 goblins
  6 hobgoblins
  2 jackals (D:2)
  3 quokkas (D:1)
  5 bats
  6 frilled lizards
  4 kobolds
  10 rats
56 creatures vanquished.

Vanquished Creatures (others)
  A jackal (D:2)
  A plant (D:2)
2 creatures vanquished.

Grand Total: 58 creatures vanquished

Notes
Turn   | Place    | Note
-------+----------+-------------------------------------------
     0 | D:1      | ChuckTheHack the Merfolk Gladiator began the quest for the
                  | Orb.
     0 | D:1      | Reached XP level 1. HP: 16/16 MP: 1/1
    15 | D:1      | Found a faded altar of an unknown god.
   230 | D:1      | Reached XP level 2. HP: 22/23 MP: 2/2
   739 | D:1      | Reached XP level 3. HP: 26/28 MP: 3/3
  1550 | D:2      | Noticed Jessica
  1580 | D:2      | Killed Jessica
  1581 | D:2      | Reached skill level 5 in Polearms
  1581 | D:2      | Reached XP level 4. HP: 4/35 MP: 4/4
  2209 | D:3      | Noticed Grinder
  2346 | D:3      | Paralysed by Grinder for 5 turns
  2523 | D:3      | Paralysed by Grinder for 3 turns
  2534 | D:3      | Paralysed by Grinder for 5 turns
  3283 | D:3      | Paralysed by Grinder for 2 turns
  3569 | D:2      | Reached XP level 5. HP: 32/41 MP: 5/5
  3571 | D:2      | Reached skill level 5 in Dodging
  3960 | D:3      | Slain by Grinder

Illustrated notes

Levels and vault maps discovered:
D:1:      minmay_arrival_open_corners, layout_basic,
          hellmonk_ecumenical_altar_lost_god, serial_rivers,
          chequers_serial_rivers_large_a, chequers_serial_rivers_small_a,
          chequers_serial_rivers_small_b, chequers_serial_rivers_marsh,
          chequers_garden
D:2:      layout_basic, minivault_14, nicolae_grassy_gnolls, uniq_jessica
D:3:      layout_rooms, uniq_grinder

Skill      XL: |  1  2  3  4  5 |
---------------+----------------+-----
Fighting       | 3 |  3.3
Polearms       | 5 |  5.6
Throwing       | 3 |  3.1
Dodging        | 5 |  5.0
Stealth        | |  0.6

Action                   |  1- 3 |  4- 6 || total
-------------------------+-------+-------++-------
Melee: Trident           |   110 |   146 ||   256
       Punch             |     2 |     2 ||     4
Throw: Throwing net      |     3 |       ||     3
       Dart              |       |     2 ||     2
  Use: Potion            |     1 |       ||     1
 Stab: Sleeping          |     1 |       ||     1
Armor: Leather armour    |    19 |    29 ||    48
       Skin              |     5 |     7 ||    12
Dodge: Dodged            |    55 |    57 ||   112
Block: Other             |    22 |    29 ||    51
